AA
TUCSON CHAMELEONS @ CLEBURNE RAILROADERS
06/05/2098
 
TOP OF THE 1ST
Sioux Falls Canaries batting - Pitching for Kansas City T-Bones : RHP Roberto Duran
Pitching: RHP Roberto Duran
Batting: LHB Victor Minas 0-0: Called Strike
0-1: Ball
1-1: SINGLE (Groundball, 4M, EV 95.6 MPH) (infield hit)
Batting: LHB Dave Aguilar 0-0: Ball
1-0: Foul Ball, location: 7LMF
1-1: Foul Ball, location: 2F
1-2: Fly out, F7 (Flyball, 7D, EV 107.5 MPH)
Batting: RHB Danny Ayala 0-0: Ball
1-0: Ball
2-0: Ball
3-0: Swinging Strike
3-1: Base on Balls
Victor Minas to second
Batting: LHB Kevin Barton 0-0: Ball
1-0: Foul Ball, location: 2F
1-1: Ball
2-1: Fly out, F5 (Popup, 56S, EV 82.5 MPH)
Batting: RHB Chad Braswell 0-0: Ball
1-0: Foul Ball, location: 25F
1-1: SINGLE (Line Drive, 6MD, EV 98.8 MPH)
Victor Minas to third
Danny Ayala to second
Runner from 3rd tries for Home, SAFE, throw by CF to home
Batting: LHB Matt Seagroves 0-0: Ground out U3 (Groundball, 34S, EV 65.6 MPH)
Top of the 1st over - 1 run, 2 hits, 0 errors, 2 left on base; Sioux Falls 1 - Kansas City 0
BOTTOM OF THE 1ST
Kansas City T-Bones batting - Pitching for Sioux Falls Canaries : RHP Matt Bryson
Pitching: RHP Matt Bryson
Batting: RHB Gyoo-jae Kim 0-0: Ball
1-0: Foul Ball, location: 2F
1-1: Ball
2-1: Called Strike
2-2: Strikes out swinging
Batting: RHB Ernie Broussard 0-0: Ball
1-0: Foul Ball, location: 3SF
1-1: Called Strike
1-2: Foul Ball, location: 25FF
1-2: Ball
2-2: Ball
3-2: Strikes out swinging
Batting: SHB Ricardo Trejo 0-0: Ball
1-0: Swinging Strike
1-1: Foul Ball, location: 7LSF
1-2: Fly out, F9 (Flyball, 9LSF, EV 84.4 MPH)
Bottom of the 1st over - 0 runs, 0 hits, 0 errors, 0 left on base; Sioux Falls 1 - Kansas City 0
TOP OF THE 2ND
Sioux Falls Canaries batting - Pitching for Kansas City T-Bones : RHP Roberto Duran
Batting: RHB Tyler Patty 0-0: Ball
1-0: Ball
2-0: Ball
3-0: Base on Balls
Batting: RHB Perry Cary 0-0: Ball
1-0: Ball
2-0: Ball
3-0: Called Strike
3-1: SINGLE (Line Drive, 4MD, EV 96.9 MPH)
Tyler Patty to second
Runner from 2nd tries for 3rd, SAFE, throw by CF made to third
Batting: RHB Ed Heberlig 0-0: Called Strike
0-1: Called Strike
0-2: Ball
1-2: Strikes out swinging
Batting: LHB Victor Minas 0-0: Called Strike
0-1: Ball
1-1: Ball
2-1: DOUBLE (Line Drive, 89M, EV 110.6 MPH)
Tyler Patty scores
Perry Cary to third
Batting: LHB Dave Aguilar 0-0: Foul Ball, location: 7LMF
0-1: 3-RUN HOME RUN (Flyball, 8LXD, EV 106.9 MPH), Distance : 403 ft
Batting: RHB Danny Ayala 0-0: Ball
1-0: Fly out, F8 (Flyball, 8RD, EV 105.0 MPH)
Batting: LHB Kevin Barton 0-0: Ball
1-0: Foul Ball, location: 9LSF
1-1: Called Strike
1-2: Ball
2-2: Strikes out looking
Top of the 2nd over - 4 runs, 3 hits, 0 errors, 0 left on base; Sioux Falls 5 - Kansas City 0
BOTTOM OF THE 2ND
Kansas City T-Bones batting - Pitching for Sioux Falls Canaries : RHP Matt Bryson
Batting: LHB Matt Doucette 0-0: Ball
1-0: Called Strike
1-1: Ground out 4-3 (Groundball, 4, EV 91.3 MPH)
Batting: RHB Tyler Barker 0-0: Ground out 6-3 (Groundball, 6, EV 88.8 MPH)
Batting: LHB Dave Boe 0-0: SOLO HOME RUN (Flyball, 89XD, EV 101.9 MPH), Distance : 413 ft
Batting: RHB Ryan Scott 0-0: Ball
1-0: Foul Ball, location: 3F
1-1: Ball
2-1: Called Strike
2-2: Ball
3-2: DOUBLE (Flyball, 78XD, EV 107.5 MPH)
Batting: RHB Jesus de la Garza 0-0: Ball
1-0: Ball
2-0: Ground out 4-3 (Groundball, 4, EV 106.9 MPH)
Bottom of the 2nd over - 1 run, 2 hits, 0 errors, 1 left on base; Sioux Falls 5 - Kansas City 1
TOP OF THE 3RD
Sioux Falls Canaries batting - Pitching for Kansas City T-Bones : RHP Roberto Duran
Batting: RHB Chad Braswell 0-0: Called Strike
0-1: Ball
1-1: Reached on error, E5 (Groundball, 5S, EV 82.5 MPH)
Batting: LHB Matt Seagroves 0-0: Ball
1-0: Called Strike
1-1: Foul Ball, location: 2LF
1-2: 2-RUN HOME RUN (Flyball, 7LD, EV 96.3 MPH), Distance : 340 ft
Pitching: RHP Fernando Flores
Batting: RHB Tyler Patty 0-0: Ball
1-0: Fly out, F9 (Flyball, 9S, EV 83.8 MPH)
Batting: RHB Perry Cary 0-0: Called Strike
0-1: Ball
1-1: Ball
2-1: DOUBLE (Groundball, 5L, EV 95.6 MPH)
Batting: RHB Ed Heberlig 0-0: Foul Ball, location: 5FF
0-1: Ball
1-1: DOUBLE (Line Drive, 9LM, EV 109.4 MPH)
Perry Cary scores
Pinch Runner at 2nd Roberto Casamonica:
Batting: LHB Victor Minas 0-0: Foul Ball, location: 23F
0-1: Ball
1-1: Called Strike
1-2: Fly out, F8 (Line Drive, 89D, EV 93.8 MPH)
Batting: LHB Dave Aguilar 0-0: Called Strike
0-1: Ball
1-1: Ball
2-1: 2-RUN HOME RUN (Flyball, 7D, EV 96.3 MPH), Distance : 381 ft
Batting: RHB Danny Ayala 0-0: Ball
1-0: Fly out, F7 (Flyball, 78M, EV 89.4 MPH)
Top of the 3rd over - 5 runs, 4 hits, 1 error, 0 left on base; Sioux Falls 10 - Kansas City 1
BOTTOM OF THE 3RD
Kansas City T-Bones batting - Pitching for Sioux Falls Canaries : RHP Matt Bryson
Now at C: Roberto Casamonica
Batting: RHB Hector Cano 0-0: Ball
1-0: Ground out 5-3 (Groundball, 56, EV 92.5 MPH)
Batting: RHB Gyoo-jae Kim 0-0: Ground out 5-3 (Groundball, 56S, EV 78.8 MPH)
Batting: RHB Ernie Broussard 0-0: Ball
1-0: Called Strike
1-1: Foul Ball, location: 9LDF
1-2: Ball
2-2: Foul Ball, location: 5F
2-2: Foul Ball, location: 9LMF
2-2: Fly out, F7 (Flyball, 7S, EV 84.4 MPH)
Bottom of the 3rd over - 0 runs, 0 hits, 0 errors, 0 left on base; Sioux Falls 10 - Kansas City 1
TOP OF THE 4TH
Sioux Falls Canaries batting - Pitching for Kansas City T-Bones : RHP Fernando Flores
Batting: LHB Kevin Barton 0-0: Ball
1-0: Called Strike
1-1: Swinging Strike
1-2: Strikes out swinging
Batting: RHB Chad Braswell 0-0: Fly out, F6 (Line Drive, 6, EV 66.9 MPH)
Batting: LHB Matt Seagroves 0-0: Ball
1-0: Called Strike
1-1: Ball
2-1: SINGLE (Line Drive, 6D, EV 100.0 MPH)
Batting: RHB Tyler Patty 0-0: Ball
1-0: Ball
2-0: Called Strike
2-1: Ball
3-1: Foul Ball, location: 2F
3-2: Foul Ball, location: 9LMF
3-2: Foul Ball, location: 3F
3-2: Base on Balls
Matt Seagroves to second
Batting: RHB Perry Cary 0-0: Swinging Strike
0-1: Ground out 4-3 (Groundball, 4, EV 90.0 MPH)
Top of the 4th over - 0 runs, 1 hit, 0 errors, 2 left on base; Sioux Falls 10 - Kansas City 1
BOTTOM OF THE 4TH
Kansas City T-Bones batting - Pitching for Sioux Falls Canaries : RHP Matt Bryson
Batting: SHB Ricardo Trejo 0-0: Swinging Strike
0-1: Foul Ball, location: 2F
0-2: Ball
1-2: Ball
2-2: Fly out, F8 (Flyball, 78D, EV 80.0 MPH)
Batting: LHB Matt Doucette 0-0: Ball
1-0: Called Strike
1-1: Called Strike
1-2: Foul Ball, location: 5FF
1-2: Ball
2-2: Foul Ball, location: 2F
2-2: Ball
3-2: SOLO HOME RUN (Flyball, 8LXD, EV 105.0 MPH), Distance : 412 ft
Batting: RHB Tyler Barker 0-0: Ball
1-0: Ball
2-0: Fly out, F4 (Popup, 34S, EV 76.3 MPH)
Batting: LHB Dave Boe 0-0: Called Strike
0-1: Swinging Strike
0-2: Strikes out swinging
Bottom of the 4th over - 1 run, 1 hit, 0 errors, 0 left on base; Sioux Falls 10 - Kansas City 2
TOP OF THE 5TH
Sioux Falls Canaries batting - Pitching for Kansas City T-Bones : RHP Fernando Flores
Batting: RHB Roberto Casamonica 0-0: Called Strike
0-1: Fly out, F7 (Flyball, 78S, EV 88.8 MPH)
Batting: LHB Victor Minas 0-0: SINGLE (Groundball, 2L, EV 67.5 MPH) (infield hit)
Batting: LHB Dave Aguilar 0-0: Ball
1-0: Ball
2-0: Ball
3-0: Called Strike
3-1: Foul Ball, location: 7LDF
3-2: Base on Balls
Victor Minas to second
Batting: RHB Danny Ayala 0-0: Called Strike
0-1: Ball
1-1: Foul Ball, location: 2F
1-2: SINGLE (Groundball, 6MD, EV 103.8 MPH)
Victor Minas to third
Dave Aguilar to second
Runner from 3rd tries for Home, SAFE, throw by CF to home
Pitching: RHP Ryan Stowell
Batting: LHB Kevin Barton 0-0: Ball
1-0: Fielders Choice at 2nd, 2-6 (Groundball, 2R, EV 63.1 MPH)
Dave Aguilar to third
Batting: RHB Chad Braswell 0-0: Called Strike
0-1: Foul Ball, location: 5FF
0-2: Foul Ball, location: 2F
0-2: Ball
1-2: Foul Ball, location: 3F
1-2: Foul Ball, location: 9LSF
1-2: Ground out U3 (Groundball, 34S, EV 87.5 MPH)
Top of the 5th over - 1 run, 2 hits, 0 errors, 2 left on base; Sioux Falls 11 - Kansas City 2
BOTTOM OF THE 5TH
Kansas City T-Bones batting - Pitching for Sioux Falls Canaries : RHP Matt Bryson
Batting: RHB Ryan Scott 0-0: Fly out, F8 (Flyball, 8RD, EV 96.3 MPH)
Batting: RHB Jesus de la Garza 0-0: Ball
1-0: Swinging Strike
1-1: Ball
2-1: Foul Ball, location: 5SF
2-2: Foul Ball, location: 25FF
2-2: Ball
3-2: Base on Balls
Batting: RHB Hector Cano 0-0: Foul Ball, location: 2F
0-1: Swinging Strike
0-2: Foul Ball, location: 9LMF
0-2: Ball
1-2: SINGLE (Line Drive, 8LS, EV 93.8 MPH)
Jesus de la Garza to second
Runner from 2nd tries for 3rd, SAFE, throw by CF made to third
Batting: RHB Gyoo-jae Kim 0-0: Ball
1-0: Ball
2-0: Fly out, F9 (Flyball, 89S, EV 90.6 MPH)
Runner from 3rd tags up, SCORES, throw by RF
Batting: RHB Ernie Broussard 0-0: Fly out, F2 (Popup, 25F, EV 91.3 MPH)
Bottom of the 5th over - 1 run, 1 hit, 0 errors, 1 left on base; Sioux Falls 11 - Kansas City 3
TOP OF THE 6TH
Sioux Falls Canaries batting - Pitching for Kansas City T-Bones : RHP Ryan Stowell
Batting: LHB Matt Seagroves 0-0: Called Strike
0-1: Called Strike
0-2: Ground out 5-3 (Groundball, 56S, EV 87.5 MPH)
Batting: RHB Tyler Patty 0-0: Ball
1-0: Called Strike
1-1: Swinging Strike
1-2: Ball
2-2: Ball
3-2: Foul Ball, location: 2F
3-2: Foul Ball, location: 2F
3-2: SINGLE (Groundball, 4MS, EV 68.1 MPH) (infield hit)
Batting: RHB Perry Cary 0-0: Fly out, F8 (Flyball, 8LM, EV 90.6 MPH)
Batting: RHB Roberto Casamonica 0-0: Called Strike
0-1: Called Strike
0-2: Strikes out looking
Top of the 6th over - 0 runs, 1 hit, 0 errors, 1 left on base; Sioux Falls 11 - Kansas City 3
BOTTOM OF THE 6TH
Kansas City T-Bones batting - Pitching for Sioux Falls Canaries : RHP Matt Bryson
Batting: SHB Ricardo Trejo 0-0: Foul Ball, location: 2F
0-1: Swinging Strike
0-2: Strikes out swinging
Batting: LHB Matt Doucette 0-0: Fly out, F9 (Flyball, 9, EV 91.3 MPH)
Batting: RHB Tyler Barker 0-0: Ball
1-0: SOLO HOME RUN (Flyball, 9D, EV 101.3 MPH), Distance : 378 ft
Batting: LHB Dave Boe 0-0: Ball
1-0: Ball
2-0: Ball
3-0: Called Strike
3-1: SINGLE (Line Drive, 8RS, EV 85.6 MPH)
Pitching: LHP Jamie Strauss
Batting: RHB Ryan Scott 0-0: Called Strike
0-1: Fly out, F7 (Flyball, 78S, EV 87.5 MPH)
Bottom of the 6th over - 1 run, 2 hits, 0 errors, 1 left on base; Sioux Falls 11 - Kansas City 4
TOP OF THE 7TH
Sioux Falls Canaries batting - Pitching for Kansas City T-Bones : RHP Ryan Stowell
Batting: LHB Victor Minas 0-0: Ground out 4-3 (Groundball, 4, EV 91.3 MPH)
Batting: LHB Dave Aguilar 0-0: Ball
1-0: Foul Ball, location: 2F
1-1: Ball
2-1: Ball
3-1: Base on Balls
Batting: RHB Danny Ayala 0-0: Fly out, F7 (Line Drive, 7, EV 83.8 MPH)
Batting: LHB Kevin Barton 0-0: Foul Ball, location: 3FF
0-1: Ball
1-1: Ball
2-1: Foul Ball, location: 7LSF
2-2: Foul Ball, location: 25FF
2-2: 2-RUN HOME RUN (Line Drive, 89XD, EV 111.9 MPH), Distance : 417 ft
Batting: RHB Chad Braswell 0-0: Ball
1-0: Ball
2-0: Foul Ball, location: 2F
2-1: Ball
3-1: Foul Ball, location: 5FF
3-2: Foul Ball, location: 3F
3-2: SINGLE (Line Drive, 9LS, EV 95.6 MPH)
Batting: LHB Matt Seagroves 0-0: Called Strike
0-1: Ball
1-1: SINGLE (Line Drive, 89M, EV 90.0 MPH)
Chad Braswell to second
Runner from 2nd tries for 3rd, OUT! 9-5
Top of the 7th over - 2 runs, 3 hits, 0 errors, 1 left on base; Sioux Falls 13 - Kansas City 4
BOTTOM OF THE 7TH
Kansas City T-Bones batting - Pitching for Sioux Falls Canaries : LHP Jamie Strauss
Batting: RHB Jesus de la Garza 0-0: Swinging Strike
0-1: Ball
1-1: Called Strike
1-2: Foul Ball, location: 9LDF
1-2: Foul Ball, location: 9LMF
1-2: TRIPLE (Flyball, 9LD, EV 105.0 MPH)
Batting: RHB Hector Cano 0-0: Called Strike
0-1: Ball
1-1: Foul Ball, location: 9LDF
1-2: Ground out 5-3 (Groundball, 56, EV 81.9 MPH)
Jesus de la Garza scores
Batting: RHB Gyoo-jae Kim 0-0: Ball
1-0: Ball
2-0: Ball
3-0: Base on Balls
Batting: RHB Ernie Broussard 0-0: Called Strike
Gyoo-jae Kim steals 2nd base (no throw)
0-1: SINGLE (Flyball, 89S, EV 96.3 MPH)
Gyoo-jae Kim to third
Batting: SHB Ricardo Trejo 0-0: Ball
1-0: Ball
2-0: Ball
3-0: Base on Balls
Ernie Broussard to second
Batting: LHB Matt Doucette 0-0: Ball
1-0: Ball
2-0: Foul Ball, location: 25FF
2-1: Reached on error, E6 (Groundball, 56, EV 88.1 MPH)
Gyoo-jae Kim scores
Ernie Broussard to third
Ricardo Trejo to second
Batting: RHB Tyler Barker 0-0: Ball
1-0: Ball
2-0: Ball
3-0: Called Strike
3-1: Swinging Strike
3-2: Fielders Choice at 2nd, 3-6 (Groundball, 34, EV 81.3 MPH)
Ernie Broussard scores
Ricardo Trejo to third
Batting: LHB Dave Boe 0-0: SINGLE (Line Drive, 8LS, EV 96.3 MPH)
Ricardo Trejo scores
Tyler Barker to second
Runner from 2nd tries for 3rd, SAFE, no throw by CF
Pitching: RHP Kevin Lee
Batting: RHB Ryan Scott 0-0: Ball
1-0: Foul Ball, location: 7LMFF
1-1: Swinging Strike
1-2: Foul Ball, location: 7LSF
1-2: Ball
2-2: Foul Ball, location: 2F
2-2: Ball
3-2: Foul Ball, location: 2F
3-2: Strikes out looking
Bottom of the 7th over - 4 runs, 3 hits, 1 error, 2 left on base; Sioux Falls 13 - Kansas City 8
TOP OF THE 8TH
Sioux Falls Canaries batting - Pitching for Kansas City T-Bones : RHP Ryan Stowell
Pitching: RHP Jonathan Rivera
Batting: RHB Tyler Patty 0-0: Called Strike
0-1: Foul Ball, location: 25FF
0-2: Foul Ball, location: 3FF
0-2: Strikes out swinging
Batting: RHB Perry Cary 0-0: SINGLE (Groundball, 34D, EV 108.1 MPH)
Batting: RHB Roberto Casamonica 0-0: Fly out, F9 (Flyball, 89M, EV 86.3 MPH)
Batting: LHB Victor Minas 0-0: Foul Ball, location: 7LSF
0-1: 2-RUN HOME RUN (Flyball, 9D, EV 99.4 MPH), Distance : 384 ft
Batting: LHB Dave Aguilar 0-0: Ball
1-0: Ball
2-0: Ball
3-0: Called Strike
3-1: Called Strike
3-2: Base on Balls
Batting: RHB Danny Ayala 0-0: Ball
1-0: Foul Ball, location: 5SF
1-1: Swinging Strike
1-2: Strikes out looking
Top of the 8th over - 2 runs, 2 hits, 0 errors, 1 left on base; Sioux Falls 15 - Kansas City 8
BOTTOM OF THE 8TH
Kansas City T-Bones batting - Pitching for Sioux Falls Canaries : RHP Kevin Lee
Batting: RHB Jesus de la Garza 0-0: Swinging Strike
0-1: Swinging Strike
0-2: Ball
1-2: Ball
2-2: Strikes out swinging
Batting: RHB Hector Cano 0-0: Ball
1-0: Foul Ball, location: 7LMF
1-1: Ground out 5-3 (Groundball, 5, EV 83.1 MPH)
Batting: RHB Gyoo-jae Kim 0-0: Ball
1-0: Foul Ball, location: 2F
1-1: Called Strike
1-2: Ground out 5-3 (Groundball, 56, EV 109.4 MPH)
Bottom of the 8th over - 0 runs, 0 hits, 0 errors, 0 left on base; Sioux Falls 15 - Kansas City 8
TOP OF THE 9TH
Sioux Falls Canaries batting - Pitching for Kansas City T-Bones : RHP Jonathan Rivera
Batting: LHB Kevin Barton 0-0: Called Strike
0-1: Ground out 4-3 (Groundball, 34, EV 91.3 MPH)
Batting: RHB Chad Braswell 0-0: Ball
1-0: Called Strike
1-1: Ball
2-1: Swinging Strike
2-2: SINGLE (Line Drive, 8RS, EV 89.4 MPH)
Batting: LHB Matt Seagroves 0-0: Called Strike
0-1: Swinging Strike
0-2: Ball
1-2: Ball
2-2: Strikes out swinging
Batting: RHB Tyler Patty 0-0: Swinging Strike
0-1: Swinging Strike
0-2: Strikes out looking
Top of the 9th over - 0 runs, 1 hit, 0 errors, 1 left on base; Sioux Falls 15 - Kansas City 8
BOTTOM OF THE 9TH
Kansas City T-Bones batting - Pitching for Sioux Falls Canaries : RHP Kevin Lee
Batting: RHB Ernie Broussard 0-0: Foul Ball, location: 7LDF
0-1: Ball
1-1: Ball
2-1: Ball
3-1: Fly out, F7 (Flyball, 7, EV 96.3 MPH)
Batting: SHB Ricardo Trejo 0-0: Ball
1-0: Foul Ball, location: 23F
1-1: Ball
2-1: SOLO HOME RUN (Flyball, 89XD, EV 106.3 MPH), Distance : 422 ft
Batting: LHB Matt Doucette 0-0: Called Strike
0-1: Swinging Strike
0-2: Strikes out swinging
Batting: RHB Tyler Barker 0-0: Ball
1-0: Ground out 6-3 (Groundball, 6M, EV 85.0 MPH)
Bottom of the 9th over - 1 run, 1 hit, 0 errors, 0 left on base; Sioux Falls 15 - Kansas City 9
Saturday, April 6th , 2024 - OOTP Baseball 24.11 Build 85